Map: [ESL] Stargazers

Players

SKillous

  • Race: Protoss Protoss
  • League: Grandmaster
  • Spawn Location: 11:00

Spirit (souL) - Winner!

  • Race: Terran Terran
  • League: Master
  • Spawn Location: 1:00

Event: HomeStory Cup XXII

VOD

Have the link to the VOD?

Description

Time

  • Played on: Dec. 17, 2022, 12:11 p.m.
  • Length: 12:44

All games in this series

Show
View Real Time Build Order
Export as new Build Order

SKillous Protoss 

Build Orders: 1 Gate Expand, Oracle Opening, Blink Stalkers 

Get SALT Encoding   

  12  0:00  Probe  
  13  0:12  Probe  
  14  0:17  Pylon  
  14  0:24  Probe  
  15  0:37  Probe (Chrono Boost), Gateway  
  16  0:46  Probe (Chrono Boost), Assimilator  
  17  0:51  Probe (Chrono Boost)  
  18  1:03  Probe  
  19  1:15  Probe  
  20  1:24  Cybernetics Core  
  20  1:38  Nexus  
  20  1:39  Pylon  
  20  1:43  Probe  
  21  1:49  Assimilator  
  21  1:55  Probe  
  21  1:57  Stalker (Chrono Boost)  
  24  2:08  Probe  
  25  2:20  Probe (Chrono Boost)  
  25  2:21  Adept  
  29  2:31  Probe (Chrono Boost)  
  29  2:32  Stargate  
  29  2:36  Probe (Chrono Boost)  
  29  2:38  Warp Gate  
  30  2:50  Probe (Chrono Boost)  
  31  2:51  Probe (Chrono Boost)  
  31  3:00  Probe (Chrono Boost)  
  31  3:02  Probe (Chrono Boost)  
  33  3:06  Probe (Chrono Boost)  
  33  3:11  Probe  
  33  3:12  Oracle (Chrono Boost)  
  35  3:18  Probe, Pylon  
  39  3:23  Probe  
  40  3:27  Twilight Council  
  40  3:32  Gateway x2  
  40  3:37  Probe  
  41  3:41  Probe  
  42  3:49  Probe  
  42  3:53  Pylon  
  42  3:54  Probe  
  44  3:56  Blink (Chrono Boost)  
  44  4:01  Probe  
  45  4:06  Probe  
  46  4:13  Gateway, Probe  
  48  4:25  Nexus  
  48  4:30  Stalker x2  
  51  4:31  Stalker  
  51  4:32  Probe  
  51  4:35  Probe  
  55  4:39  Assimilator  
  55  4:48  Probe  
  55  4:49  Probe  
  55  4:50  Pylon  
  57  4:53  Stalker x2  
  57  4:56  Pylon  
  61  5:01  Probe  
  61  5:06  Pylon  
  62  5:07  Pylon  
  62  5:11  Stalker  
  62  5:13  Stalker  
  66  5:17  Stalker  
  66  5:20  Stalker  
  70  5:22  Probe  
  70  5:23  Probe  
  72  5:30  Forge  
  72  5:33  Charge (Chrono Boost)  
  72  5:41  Stalker x2  
  74  5:53  Probe x2  
  76  5:58  Stalker x2  
  76  5:59  Protoss Ground Weapons Level 1 (Chrono Boost)  
  76  6:02  Probe  
  81  6:05  Probe x2  
  83  6:14  Probe  
  82  6:20  Probe  
  82  6:22  Stalker x3  
  89  6:25  Gateway  
  89  6:27  Probe  
  89  6:28  Gateway x2, Probe  
  89  6:29  Gateway  
  91  6:36  Probe  
  92  6:40  Probe x2  
  92  6:42  Pylon  
  90  6:55  Sentry x2  
  90  6:56  Zealot x2  
  90  6:59  Probe  
  90  7:01  Assimilator  
  99  7:02  Robotics Facility  
  97  7:16  Probe  
  97  7:17  Nexus  
  97  7:20  Zealot x5  
  108  7:25  Pylon  
  108  7:27  Templar Archives  
  108  7:28  Pylon  
  108  7:32  Zealot x3  
  112  7:40  Shield Battery  
  112  7:43  Zealot x5  
  118  8:02  Protoss Ground Weapons Level 2 (Chrono Boost)  
  118  8:06  Stalker x3  
  118  8:08  Zealot  
  118  8:09  Zealot x2  
  128  8:20  Probe  
  128  8:23  Observer (Chrono Boost)  
  128  8:24  Gateway  
  128  8:25  Pylon  
  128  8:26  Gateway  
  126  8:27  Pylon  
  126  8:28  Gateway  
  126  8:29  Pylon  
  126  8:36  Probe x3  
  127  8:46  Zealot x3, Probe  
  132  8:49  Warp Prism (Chrono Boost)  
  132  8:50  Phoenix, Probe x2  
  138  8:56  Zealot, High Templar x2  
  138  8:57  Zealot  
  146  9:09  Zealot x3  
  152  9:11  Nexus, Probe  
  152  9:14  Gateway  
  152  9:15  Gateway  
  152  9:16  Pylon  
  153  9:17  Robotics Bay  
  153  9:28  Probe  
  153  9:30  Archon  
  147  9:37  Stalker x5  
  156  9:39  Probe  
  156  9:42  Zealot  
  156  9:43  Zealot x4  
  156  9:44  Probe  
  168  9:47  Observer (Chrono Boost)  
  168  9:50  Photon Cannon  
  153  10:00  Probe x2  
  153  10:03  Zealot x4  
  130  10:14  Zealot  
  130  10:15  Zealot x2  
  130  10:16  Probe x2  
  130  10:19  Probe x2  
  136  10:24  Zealot x2  
  136  10:27  Probe  
  117  10:29  Disruptor  
  117  10:32  Zealot  
  117  10:35  Probe (Chrono Boost)  
  105  10:36  Zealot  
  105  10:40  Probe (Chrono Boost)  
  105  10:42  Probe (Chrono Boost)  
  104  10:48  Probe (Chrono Boost)  
  104  10:49  Probe (Chrono Boost)  
  101  10:51  Probe x2 (Chrono Boost)  
  101  10:52  Probe (Chrono Boost)  
  101  10:55  Zealot x3  
  108  10:59  Probe x3 (Chrono Boost)  
  108  11:00  Probe (Chrono Boost)  
  108  11:03  Disruptor (Chrono Boost)  
  110  11:08  High Templar x4  
  119  11:15  Zealot x4, Archon x2  
  125  11:22  Zealot x3  
  112  11:29  Disruptor (Chrono Boost)  
  96  11:38  Stalker x2  
  83  12:08  Probe  
  78  12:10  Disruptor (Chrono Boost)  
  58  12:28  Pylon  
Show
View Real Time Build Order
Export as new Build Order

Spirit Terran - Winner!

Build Orders: Reaper Expand 

Get SALT Encoding   

  12  0:00  SCV  
  13  0:12  SCV  
  14  0:17  Supply Depot  
  14  0:24  SCV  
  15  0:38  SCV  
  15  0:41  Barracks  
  16  0:46  Refinery  
  16  0:50  SCV  
  17  1:02  SCV  
  18  1:14  Engineering Bay, SCV  
  19  1:30  Orbital Command  
  19  1:31  Reaper  
  20  1:53  Command Center  
  20  1:59  SCV  
  21  2:03  Barracks Reactor  
  21  2:06  Supply Depot  
  21  2:11  SCV  
  22  2:18  Bunker  
  22  2:23  SCV  
  22  2:25  Factory  
  23  2:35  SCV  
  24  2:38  Refinery  
  24  2:40  Marine x2  
  26  2:47  SCV  
  27  2:58  Marine x2  
  26  2:59  SCV  
  26  3:04  Orbital Command  
  29  3:09  Starport  
  29  3:10  Widow Mine  
  31  3:16  Marine x2  
  31  3:18  SCV  
  34  3:25  Supply Depot  
  34  3:31  SCV x2  
  36  3:35  Widow Mine  
  38  3:42  Marine x2  
  38  3:43  SCV x2  
  44  3:50  Barracks  
  44  3:55  SCV x2  
  46  3:58  Factory Tech Lab  
  46  4:02  Supply Depot  
  46  4:05  Viking  
  46  4:07  SCV x2, Marine  
  49  4:12  Marine  
  50  4:19  Barracks, SCV x2  
  50  4:28  Engineering Bay  
  50  4:30  Supply Depot  
  49  4:31  SCV x2  
  49  4:33  Marine  
  49  4:34  Marine  
  53  4:42  Stimpack  
  53  4:43  SCV, Factory Reactor, Starport Reactor  
  53  4:44  SCV  
  55  4:48  Marauder  
  55  4:52  Refinery  
  57  4:55  SCV, Terran Infantry Weapons Level 1  
  57  4:56  SCV  
  57  4:58  Missile Turret  
  59  5:01  Marine  
  59  5:02  Marine  
  61  5:07  Barracks Tech Lab  
  61  5:08  SCV  
  61  5:10  SCV, Marauder  
  61  5:11  Refinery  
  65  5:14  Supply Depot  
  65  5:19  Marine x2  
  65  5:20  SCV  
  68  5:22  Widow Mine  
  68  5:27  Combat Shield  
  70  5:34  Supply Depot  
  70  5:36  SCV, Medivac, Widow Mine  
  70  5:37  SCV  
  70  5:38  Supply Depot  
  70  5:39  Marauder  
  70  5:41  Marine  
  77  5:45  Medivac  
  77  5:47  Marine  
  77  5:48  Marauder  
  78  5:55  Supply Depot  
  77  5:59  Marine  
  77  6:00  Widow Mine, Marauder  
  79  6:05  Marine  
  79  6:08  Marine  
  73  6:14  SCV  
  73  6:15  SCV  
  73  6:17  Marine  
  72  6:20  Medivac  
  72  6:22  Marauder  
  72  6:23  Marine  
  77  6:26  Widow Mine x2  
  77  6:27  Marauder  
  83  6:35  Marine  
  83  6:37  Supply Depot x2  
  83  6:39  Medivac  
  85  6:40  Concussive Shells, Marine  
  85  6:42  SCV  
  85  6:43  Marauder  
  85  6:44  SCV  
  87  6:48  Marine  
  87  6:53  Marine  
  77  6:54  SCV  
  77  6:58  Marine  
  77  6:59  Medivac  
  76  7:04  Marine  
  76  7:06  Marauder  
  78  7:09  SCV, Medivac  
  78  7:10  Marine  
  81  7:17  Marine  
  81  7:21  Widow Mine x2  
  89  7:22  SCV, Marauder  
  89  7:23  SCV  
  89  7:27  Terran Infantry Armor Level 1, Marauder  
  89  7:28  Marine  
  93  7:33  Supply Depot  
  91  7:39  Marine  
  91  7:42  Widow Mine x2  
  91  7:44  Marauder  
  98  7:48  SCV x2  
  98  7:49  Marauder  
  100  8:00  SCV  
  100  8:04  Widow Mine  
  100  8:05  Widow Mine  
  104  8:06  Command Center  
  104  8:07  Marauder, Marine  
  107  8:17  Armory  
  107  8:19  SCV, Marine  
  109  8:20  SCV, Marauder  
  109  8:24  Supply Depot  
  109  8:25  Widow Mine  
  109  8:26  Widow Mine  
  111  8:28  Supply Depot  
  111  8:31  SCV  
  111  8:33  Medivac x2  
  116  8:35  SCV  
  116  8:43  SCV  
  116  8:46  Widow Mine  
  116  8:48  SCV, Widow Mine  
  121  8:50  Marauder, Marine  
  121  8:51  Barracks x2  
  121  8:55  SCV  
  123  8:56  Marauder, Marine  
  126  9:03  SCV  
  126  9:06  Medivac  
  126  9:07  Supply Depot, SCV, Medivac  
  126  9:08  Widow Mine  
  134  9:11  Supply Depot  
  134  9:13  Supply Depot  
  134  9:18  Widow Mine  
  134  9:22  SCV x2  
  137  9:31  Marine  
  137  9:32  Marauder  
  137  9:34  Marine  
  137  9:35  Marauder  
  143  9:39  Orbital Command  
  143  9:40  SCV  
  143  9:42  SCV, Marine  
  143  9:44  Marine  
  147  9:49  Marine  
  147  9:52  SCV, Marine  
  150  9:53  Marauder  
  150  9:56  Marauder  
  150  9:57  Ghost Academy  
  143  10:00  Marine  
  143  10:01  Marine  
  137  10:07  Marine  
  137  10:08  Medivac x2  
  137  10:10  Marine  
  137  10:14  Marine  
  137  10:17  Marine  
  137  10:19  Marine  
  135  10:26  Marine  
  128  10:29  Marine  
  128  10:33  Marauder  
  123  10:35  Marauder  
  123  10:37  Marine  
  121  10:46  Marine  
  121  10:47  Marine  
  123  10:54  Marauder  
  123  10:55  Marine  
  123  10:56  Marine  
  125  11:08  Marine  
  125  11:10  Marine  
  124  11:13  Marine  
  124  11:14  Marauder  
  124  11:15  Marauder  
  106  11:26  Marine  
  106  11:28  Marine  
  106  11:31  Marine  
  106  11:32  Orbital Command  
  108  11:36  Marauder, Marine  
  110  11:44  Marine  
  110  11:45  Marine  
  108  11:49  Marine  
  105  11:54  Marine  
  105  11:57  Marine  
  99  12:02  Marine  
  99  12:04  Marine  
  92  12:10  Marine  
  92  12:12  Marine  
  92  12:14  Marine  
  87  12:20  Marine  
  87  12:22  Marine  
Tags
 
Add a new tag
Caveats
  • Supply blocks, unpowered buildings, or Contaminate may cause inaccurate times.
  • Supply counts are checked every 10 seconds.